Map: [EWC] Goldenaura

Players

GuMiho

  • Race: Terran Terran
  • Spawn Location: 5:00

Astrea - Winner!

  • Race: Protoss Protoss
  • Spawn Location: 12:00

Event: Esports World Cup 2024

VOD

Have the link to the VOD?

Description

Time

  • Played on: Aug. 14, 2024, 8:34 a.m.
  • Length: 19:46

All games in this series

Show
View Real Time Build Order
Export as new Build Order

GuMiho Terran 

Build Orders: Reaper Expand 

Get SALT Encoding   

  12  0:00  SCV  
  13  0:12  SCV  
  14  0:17  Supply Depot  
  14  0:24  SCV  
  15  0:38  SCV  
  15  0:40  Barracks  
  16  0:47  Refinery  
  16  0:50  SCV  
  17  1:03  SCV  
  18  1:15  SCV  
  19  1:32  Orbital Command, Reaper  
  20  1:43  Command Center  
  20  1:55  Supply Depot  
  20  1:58  SCV  
  21  2:04  Marine  
  22  2:10  SCV  
  22  2:11  Factory  
  22  2:15  Refinery  
  23  2:22  SCV, Marine  
  25  2:34  SCV, Barracks  
  26  2:41  Barracks Reactor  
  26  2:46  SCV  
  27  2:56  Starport  
  27  2:57  Orbital Command  
  27  3:00  SCV  
  27  3:04  Widow Mine  
  30  3:12  SCV  
  31  3:17  Marine x2  
  33  3:22  Barracks Tech Lab  
  33  3:24  SCV  
  33  3:25  SCV, Widow Mine  
  37  3:32  Supply Depot, Medivac  
  39  3:36  SCV  
  39  3:37  Marine  
  39  3:38  Marine  
  39  3:41  SCV  
  43  3:45  Stimpack  
  45  3:51  Marine  
  45  3:55  SCV, Marine  
  47  3:56  SCV, Marine  
  47  4:02  Factory Tech Lab  
  48  4:07  SCV  
  48  4:08  SCV  
  48  4:09  Marine  
  51  4:12  Supply Depot  
  51  4:13  Marine  
  51  4:14  Supply Depot, Marine  
  53  4:19  SCV  
  54  4:29  SCV, Marine, Siege Tank  
  54  4:31  Marine  
  59  4:32  SCV, Marine  
  59  4:35  Supply Depot  
  59  4:36  Medivac  
  64  4:41  SCV  
  65  4:47  Marine  
  65  4:48  SCV  
  65  4:49  Marine  
  68  4:53  SCV, Marine  
  68  5:00  SCV  
  68  5:01  Siege Tank  
  68  5:04  Marine  
  68  5:05  SCV  
  74  5:07  Command Center  
  74  5:12  SCV, Marine x2  
  76  5:18  SCV, Refinery  
  76  5:19  Refinery  
  77  5:22  Supply Depot, Marine  
  77  5:24  SCV  
  77  5:25  Starport Reactor  
  77  5:27  Combat Shield  
  79  5:30  SCV  
  80  5:45  Marine x2  
  80  5:47  Marine  
  80  5:49  SCV x2  
  84  5:50  Siege Tank  
  87  6:02  SCV x2  
  87  6:03  Marine x2  
  91  6:05  Marine  
  88  6:15  SCV x2  
  88  6:18  Medivac x2  
  91  6:20  Marine  
  91  6:21  Marine  
  91  6:23  Marine  
  91  6:25  Barracks  
  94  6:26  Barracks  
  94  6:28  Engineering Bay  
  94  6:30  Engineering Bay, Barracks  
  91  6:35  SCV x2  
  91  6:38  Marine x2  
  95  6:40  Marine  
  95  6:41  Orbital Command  
  96  6:47  SCV x2  
  96  6:49  Supply Depot  
  96  6:51  Concussive Shells  
  98  6:56  Terran Infantry Weapons Level 1, Marine x2  
  98  6:58  Terran Infantry Armor Level 1  
  98  6:59  SCV  
  100  7:01  Missile Turret  
  98  7:11  Viking  
  90  7:27  Marine x2  
  90  7:28  Marauder  
  90  7:29  Siege Tank  
  87  7:30  Barracks Tech Lab x2, SCV x2  
  87  7:34  Sensor Tower  
  87  7:36  SCV, Barracks  
  88  7:42  SCV x2  
  88  7:43  Viking  
  88  7:44  Viking  
  94  7:45  Marine x2  
  94  7:46  Armory  
  94  7:48  SCV  
  94  7:49  Marauder  
  94  7:50  Supply Depot  
  99  7:51  Supply Depot, Marauder  
  99  7:52  Supply Depot, Marauder  
  103  8:04  Siege Tank  
  103  8:05  Refinery  
  106  8:06  SCV x3  
  106  8:10  Marauder  
  106  8:11  Supply Depot  
  106  8:12  Marine x2  
  112  8:13  Marauder x2  
  112  8:16  Medivac  
  119  8:23  Medivac  
  121  8:33  Marauder  
  121  8:34  Marauder x2, Barracks Reactor  
  121  8:35  Marine x2  
  121  8:36  Siege Tank  
  121  8:38  SCV x3, Command Center  
  133  8:41  Supply Depot  
  133  8:42  Supply Depot  
  133  8:43  Supply Depot  
  133  8:52  Terran Infantry Weapons Level 2  
  133  8:53  Marine, Barracks  
  133  8:55  Barracks x2  
  134  9:00  Marauder x2  
  134  9:02  Marine, Marauder  
  141  9:09  Siege Tank  
  144  9:10  Supply Depot x2, Marine  
  143  9:20  Marine  
  143  9:28  Marauder x2  
  147  9:33  Marine x2, Marauder  
  147  9:34  Marine  
  147  9:38  Marine  
  153  9:41  Siege Tank  
  156  9:49  Marine, Marauder  
  156  9:50  Marine  
  156  9:51  Marine  
  162  9:54  Marauder  
  162  9:58  Marine x2  
  162  9:59  Barracks Tech Lab, Barracks Reactor  
  165  10:00  Barracks Tech Lab  
  165  10:02  SCV x3  
  165  10:05  Medivac x2  
  172  10:07  Marauder  
  172  10:10  Planetary Fortress  
  172  10:11  Marauder  
  172  10:13  Siege Tank  
  172  10:14  SCV x2  
  181  10:16  Marauder  
  181  10:17  Marine x2, Marauder  
  181  10:18  Marine x2  
  189  10:26  Sensor Tower  
  183  10:29  Marauder  
  183  10:32  Marauder  
  183  10:33  Marauder  
  183  10:35  Marine x2  
  189  10:36  Marine  
  189  10:37  Marauder  
  189  10:39  Marine x3, Marauder  
  197  10:50  Terran Infantry Armor Level 2, Marauder  
  197  10:52  Marine  
  194  11:13  Terran Infantry Weapons Level 3  
  194  11:14  Marine, Marauder  
  194  11:16  Marine, Marauder  
  179  11:36  Marauder  
  153  11:41  Siege Tank  
  153  11:42  Marine x6, Marauder  
  153  11:43  Marauder  
  153  11:44  Marauder x2  
  170  11:47  Command Center  
  170  11:48  Refinery  
  170  11:49  Refinery, Command Center  
  170  11:58  Marauder  
  170  12:00  Marine x5  
  177  12:04  Marauder  
  177  12:05  Marauder x3  
  145  12:16  Marine  
  145  12:18  Marine x2  
  145  12:19  Marauder  
  145  12:22  Ghost Academy  
  148  12:23  Viking  
  148  12:25  Marauder  
  148  12:26  Marauder x2, Viking  
  148  12:27  Marauder  
  148  12:29  SCV  
  162  12:30  SCV  
  162  12:33  SCV  
  162  12:34  Terran Ship Weapons Level 1  
  163  12:39  Fusion Core  
  163  12:41  Marauder  
  165  12:45  SCV  
  165  12:46  SCV, Marauder  
  165  12:48  Starport, Marauder  
  171  12:51  Sensor Tower  
  171  12:52  Barracks Reactor  
  171  12:58  Liberator x2  
  171  13:01  Orbital Command  
  177  13:10  Terran Infantry Armor Level 3  
  177  13:11  Missile Turret  
  177  13:16  Orbital Command  
  177  13:21  Caduceus Reactor  
  177  13:26  Missile Turret  
  177  13:28  Missile Turret  
  177  13:30  Liberator x2  
  183  13:41  Liberator  
  183  13:43  Liberator  
  189  13:53  Orbital Command  
  189  13:55  Orbital Command  
  189  13:57  Missile Turret  
  189  13:58  Sensor Tower  
  189  13:59  Missile Turret  
  189  14:05  Missile Turret  
  189  14:13  Liberator x2  
  195  14:18  Advanced Ballistics  
  195  14:26  Liberator  
  195  14:29  Missile Turret  
  197  14:36  Missile Turret  
  197  14:39  Ghost  
  194  14:51  Ghost x3  
  194  14:52  Ghost  
  196  15:04  Command Center  
  191  15:07  Liberator x3  
  187  15:47  Ghost  
  187  15:48  Ghost  
  154  15:58  Viking x4  
  154  16:01  Marauder  
  154  16:02  Marine, Marauder x2  
  142  16:04  Marine  
  142  16:05  Marine x4  
  139  16:17  Marauder x2  
  125  16:20  Orbital Command, Marine  
  125  16:22  Marine x5  
  125  16:23  Marine x3  
  124  16:28  Orbital Command, Viking x3  
  124  16:31  Terran Ship Weapons Level 2  
  121  16:35  Viking  
  121  16:37  Marine  
  121  16:38  Marine x2  
  126  16:40  Marine x6  
  126  16:41  Marauder  
  134  16:47  Marauder  
  134  16:50  Siege Tank  
  139  16:55  Marine  
  139  16:56  Marauder x2  
  139  16:57  Marine  
  139  16:58  Marine x3  
  148  17:01  Marine x2  
  148  17:02  Marauder  
  152  17:08  Medivac x2  
  152  17:09  Marauder, Medivac x2  
  152  17:12  Command Center  
  152  17:13  Marine  
  152  17:14  Command Center  
  163  17:16  Marine x3, Marauder  
  163  17:17  Marauder  
  163  17:18  Marauder  
  163  17:19  Marine x2  
  163  17:21  Armory  
  174  17:24  Marauder  
  176  17:30  Marauder  
  176  17:31  Marine  
  176  17:33  Marine  
  176  17:34  Marine  
  176  17:36  Orbital Command  
  180  17:37  Marauder  
  180  17:39  Refinery x2, Marauder x2  
  180  17:41  Marine x3  
  180  17:43  Widow Mine  
  191  17:44  Sensor Tower  
  191  17:45  Marauder  
  191  17:48  Medivac  
  195  17:51  Marauder  
  197  17:59  Marine, Marauder  
  194  18:14  Marauder x3  
  198  18:26  Marine, Marauder  
  198  18:27  Marine x2, Marauder  
  189  18:28  Marine x3, Viking  
  189  18:29  Viking x3  
  175  18:59  Marine x3, Marauder  
  175  19:00  Marauder x3  
  166  19:10  Marine  
  122  19:25  Missile Turret  
  122  19:26  Missile Turret  
  122  19:27  Missile Turret  
  122  19:28  Missile Turret x2, Factory  
  122  19:29  Factory  
  122  19:30  Factory  
Show
View Real Time Build Order
Export as new Build Order

Astrea Protoss - Winner!

Build Orders: 1 Gate Expand, Phoenix Opening, Blink Stalkers, Carriers, Colossus Rush 

Get SALT Encoding   

  12  0:00  Probe  
  13  0:12  Probe  
  14  0:18  Pylon  
  14  0:24  Probe (Chrono Boost)  
  15  0:36  Probe (Chrono Boost)  
  15  0:38  Gateway  
  16  0:44  Probe (Chrono Boost)  
  16  0:48  Assimilator  
  17  0:51  Probe  
  18  1:03  Probe  
  19  1:15  Probe  
  20  1:25  Nexus  
  20  1:34  Cybernetics Core  
  20  1:37  Probe  
  21  1:44  Assimilator  
  21  1:50  Probe  
  21  1:53  Pylon  
  22  2:02  Probe  
  23  2:08  Stalker (Chrono Boost)  
  23  2:10  Probe  
  23  2:11  Warp Gate  
  26  2:18  Probe  
  27  2:31  Sentry, Probe (Chrono Boost)  
  27  2:37  Probe (Chrono Boost)  
  32  2:46  Twilight Council, Probe x2 (Chrono Boost)  
  32  2:51  Probe (Chrono Boost)  
  33  2:53  Probe  
  33  2:55  Gateway  
  35  3:02  Phoenix  
  35  3:03  Probe (Chrono Boost)  
  36  3:06  Stalker  
  36  3:08  Probe (Chrono Boost)  
  38  3:15  Probe (Chrono Boost)  
  40  3:21  Blink (Chrono Boost), Probe (Chrono Boost)  
  40  3:22  Probe (Chrono Boost), Pylon  
  41  3:29  Probe x2  
  43  3:36  Assimilator  
  43  3:40  Assimilator  
  43  3:41  Probe (Chrono Boost)  
  43  3:42  Robotics Facility  
  43  3:46  Pylon  
  43  3:47  Probe (Chrono Boost)  
  45  3:52  Probe (Chrono Boost)  
  47  3:56  Probe (Chrono Boost)  
  47  3:57  Probe (Chrono Boost)  
  47  4:02  Stalker x2  
  52  4:06  Probe  
  52  4:07  Pylon  
  52  4:08  Probe  
  54  4:14  Shield Battery  
  54  4:18  Probe  
  54  4:20  Probe  
  54  4:23  Pylon  
  56  4:29  Observer  
  57  4:32  Stalker x2, Robotics Bay  
  61  4:41  Forge  
  61  4:58  Stalker x2, Immortal (Chrono Boost)  
  68  5:11  Pylon  
  68  5:15  Protoss Ground Weapons Level 1  
  68  5:27  Colossus (Chrono Boost)  
  68  5:34  Nexus  
  74  5:40  Stalker x2  
  77  5:53  Probe x2  
  74  6:05  Charge, Probe x2  
  76  6:11  Colossus (Chrono Boost)  
  76  6:14  Zealot x2  
  76  6:15  Nexus  
  76  6:17  Probe  
  76  6:18  Probe  
  84  6:19  Pylon  
  84  6:29  Probe, Pylon  
  85  6:34  Observer  
  85  6:38  Probe, Pylon  
  86  6:45  Probe  
  87  6:50  Gateway x2, Sentry x2, Probe  
  87  6:51  Pylon  
  92  6:56  Colossus  
  98  7:05  Probe  
  99  7:16  Probe  
  99  7:17  Probe  
  97  7:28  Probe  
  97  7:29  Probe x2  
  88  7:31  Protoss Ground Weapons Level 2 (Chrono Boost)  
  88  7:32  Stalker x2  
  92  7:37  Nexus  
  92  7:40  Probe  
  92  7:41  Probe x2  
  94  7:49  Zealot x2  
  94  7:50  Observer  
  99  7:52  Probe  
  99  7:53  Probe x2  
  99  7:55  Stalker x2  
  106  7:59  Pylon  
  106  8:04  Probe  
  105  8:05  Probe  
  105  8:06  Templar Archives  
  105  8:08  Observer  
  105  8:09  Probe  
  108  8:16  Probe  
  109  8:22  Probe x2  
  109  8:23  Pylon  
  111  8:28  Probe  
  106  8:34  Probe  
  106  8:35  Probe  
  106  8:37  Gateway  
  106  8:41  Gateway, Probe  
  109  8:42  Gateway  
  109  8:43  Sentry, High Templar  
  109  8:44  High Templar  
  109  8:45  Zealot  
  109  8:46  Gateway x2, Probe  
  109  8:47  Observer (Chrono Boost)  
  119  8:49  Gateway, Probe  
  119  8:51  Forge  
  119  8:52  Archon  
  119  8:53  Probe  
  121  9:01  Pylon  
  121  9:05  Observer  
  121  9:08  Gateway, Zealot  
  121  9:09  Gateway, Zealot  
  125  9:11  Gateway  
  125  9:12  Gateway  
  125  9:15  Pylon  
  125  9:21  Zealot x2  
  125  9:22  Protoss Ground Armor Level 1 (Chrono Boost)  
  121  9:26  Immortal  
  121  9:27  Observer  
  124  9:34  Zealot x3  
  130  9:39  Zealot x2  
  134  9:48  Zealot x5, Observer  
  134  9:49  Observer  
  134  9:51  Protoss Ground Weapons Level 3 (Chrono Boost)  
  144  9:59  Nexus  
  144  10:03  High Templar x4  
  144  10:04  Zealot x3  
  158  10:08  Archon x2  
  158  10:12  Zealot x7  
  158  10:14  Immortal  
  170  10:35  Pylon  
  170  10:37  Pylon  
  170  10:38  Pylon  
  170  10:47  Probe x4  
  170  10:49  Assimilator  
  174  10:50  Assimilator x2  
  174  10:51  Assimilator, Stargate  
  174  10:52  Observer  
  175  10:58  Assimilator  
  175  10:59  Probe  
  175  11:01  Protoss Air Weapons Level 1 (Chrono Boost)  
  175  11:02  Assimilator  
  174  11:05  Photon Cannon  
  174  11:07  Photon Cannon  
  174  11:09  Shield Battery, Zealot x10  
  174  11:10  Zealot x4  
  178  11:19  Observer  
  178  11:23  Archon  
  179  11:31  Zealot x13  
  179  11:32  Zealot  
  190  11:36  Protoss Ground Armor Level 2 (Chrono Boost)  
  148  11:48  Immortal  
  148  11:52  Zealot x2  
  148  11:53  Zealot x6  
  168  11:58  Stalker x2  
  168  11:59  Stalker  
  156  12:08  Zealot x3  
  156  12:09  Probe  
  156  12:11  Probe  
  156  12:13  Zealot x4  
  156  12:14  Zealot  
  156  12:15  Probe, Psionic Storm  
  159  12:27  Fleet Beacon  
  159  12:34  Observer (Chrono Boost)  
  160  12:43  Sentry  
  162  12:44  Zealot x9  
  162  12:45  Observer x2 (Chrono Boost)  
  181  12:53  Stargate  
  181  12:59  High Templar x4  
  181  13:04  Observer (Chrono Boost)  
  186  13:16  Protoss Air Weapons Level 2 (Chrono Boost)  
  186  13:20  Stargate  
  186  13:22  Cybernetics Core, Observer (Chrono Boost)  
  187  13:28  Observer, Photon Cannon x2  
  187  13:30  Pylon  
  187  13:33  Observer (Chrono Boost)  
  187  13:39  Mothership (Chrono Boost)  
  194  13:48  Carrier  
  199  14:02  Photon Cannon  
  199  14:06  Protoss Air Armor Level 1 (Chrono Boost)  
  199  14:14  Protoss Shields Level 1 (Chrono Boost)  
  199  14:15  Protoss Ground Armor Level 3 (Chrono Boost)  
  199  14:22  Observer  
  196  14:39  Observer  
  195  14:47  Archon  
  195  14:49  Carrier x2 (Chrono Boost)  
  195  15:02  High Templar x2  
  195  15:06  Photon Cannon  
  193  15:07  Photon Cannon  
  193  15:09  Shield Battery, Pylon  
  193  15:10  Shield Battery  
  193  15:11  Carrier (Chrono Boost)  
  193  15:12  Photon Cannon  
  193  15:22  Protoss Air Weapons Level 3 (Chrono Boost)  
  189  15:38  Zealot x6  
  199  15:55  Carrier x2 (Chrono Boost)  
  158  15:59  Stalker x3  
  158  16:00  Stalker x11  
  158  16:02  Protoss Air Armor Level 2 (Chrono Boost)  
  125  16:27  Carrier (Chrono Boost)  
  125  16:28  Mothership (Chrono Boost)  
  125  16:30  Nexus  
  125  16:32  High Templar  
  127  16:33  Observer  
  127  16:45  Carrier (Chrono Boost)  
  127  16:46  Immortal  
  127  16:47  Pylon  
  131  16:50  Observer  
  131  16:51  Observer  
  131  16:54  Zealot x2  
  147  17:03  Stalker x6  
  147  17:07  Carrier (Chrono Boost)  
  159  17:14  Zealot x4  
  159  17:15  High Templar x2  
  167  17:52  Stalker x11  
  167  17:57  Photon Cannon  
  189  17:58  Shield Battery  
  189  17:59  High Templar  
  179  18:38  High Templar x5  
  179  18:39  Zealot x5  
  198  18:44  Nexus  
  188  19:03  Stalker  
  188  19:04  Zealot x5  
  188  19:24  Zealot x4  
Tags
 
Add a new tag
Caveats
  • Supply blocks, unpowered buildings, or Contaminate may cause inaccurate times.
  • Supply counts are checked every 10 seconds.